3L
CAPITAL DISTRICT RED KNIGHTS @ BROOKLYN DODGERS
07/29/2024
 
TOP OF THE 1ST
Capital District Red Knights batting - Pitching for Brooklyn Dodgers : RHP Jimmy Whittier
Pitching: RHP Jimmy Whittier
Batting: RHB Manny Carbajal 0-0: Ground out 5-3 (Groundball, 5S)
Batting: RHB Mark Field 0-0: Called Strike
0-1: Ball
1-1: Ball
2-1: Ground out 3-1 (Groundball, 34S)
Batting: LHB Leonardo López 0-0: Fly out, F8 (Flyball, 8RXD)
Top of the 1st over - 0 run(s), 0 hit(s), 0 error(s), 0 left on base; Capital District 0 - Brooklyn 0
BOTTOM OF THE 1ST
Brooklyn Dodgers batting - Pitching for Capital District Red Knights : RHP Robert Archer
Pitching: RHP Robert Archer
Batting: LHB Ron Bascombe 0-0: Foul Ball, location: 2F
0-1: Ball
1-1: Foul Ball, location: 2F
1-2: Ground out 4-3 (Groundball, 34)
Batting: RHB Thom Wilcox 0-0: Ball
1-0: Ball
2-0: Ball
3-0: Called Strike
3-1: Base on Balls
Batting: SHB Leonard O'Connor 0-0: Ball
1-0: Swinging Strike
1-1: Called Strike
1-2: Ball
2-2: Ball
3-2: Foul Ball, location: 2F
3-2: Foul Ball, location: 2F
3-2: Base on Balls
Thom Wilcox to second
Batting: LHB Avon Barksdale 0-0: Called Strike
0-1: Grounds into double play, 4-6-3 (Groundball, 4)
Bottom of the 1st over - 0 run(s), 0 hit(s), 0 error(s), 1 left on base; Capital District 0 - Brooklyn 0
TOP OF THE 2ND
Capital District Red Knights batting - Pitching for Brooklyn Dodgers : RHP Jimmy Whittier
Batting: SHB Joreăo Canosa 0-0: Ball
1-0: Ball
2-0: SINGLE (Groundball, 34S) (infield hit)
Batting: SHB Bernardo Hernández 0-0: Swinging Strike
0-1: Foul Ball, location: 2F
0-2: Fly out, F4 (Popup, 4M)
Batting: RHB Barry Dempsey 0-0: Foul Ball, location: 2F
0-1: Ball
1-1: Swinging Strike
1-2: Strikes out swinging
Joreăo Canosa steals 2nd base
Batter strikes out.
Batting: RHB Danilo Mosca 0-0: Called Strike
0-1: Called Strike
0-2: Ball
1-2: Strikes out swinging
Top of the 2nd over - 0 run(s), 1 hit(s), 0 error(s), 1 left on base; Capital District 0 - Brooklyn 0
BOTTOM OF THE 2ND
Brooklyn Dodgers batting - Pitching for Capital District Red Knights : RHP Robert Archer
Batting: RHB Gustavo Mateo 0-0: Ball
1-0: Ball
2-0: Called Strike
2-1: SINGLE (Line Drive, 7S)
Batting: RHB Oliver Aranda 0-0: Ball
1-0: Ball
2-0: Ball
3-0: Called Strike
3-1: Grounds into double play, 5-4-3 (Groundball, 56)
Batting: SHB Felipe Cisneros 0-0: Swinging Strike
0-1: Foul Ball, location: 2F
0-2: Ball
1-2: Hit by Pitch
Batting: RHB Josh Stafford 0-0: Ball
1-0: Called Strike
1-1: 2-RUN HOME RUN (Line Drive, 89XD), Distance : 436 ft
Batting: RHB Vincent Crane 0-0: Ball
1-0: Ball
2-0: Foul Ball, location: 2F
2-1: Ball
3-1: Foul Ball, location: 2F
3-2: Foul Ball, location: 2F
3-2: SINGLE (Line Drive, 6D)
Batting: LHB Ron Bascombe 0-0: Ball
1-0: SINGLE (Line Drive, 9S)
Vincent Crane to second
Runner from 2nd tries for 3rd, SAFE, throw made to third
Ron Bascombe to second
Batting: RHB Thom Wilcox 0-0: Called Strike
0-1: Foul Ball, location: 2F
0-2: Ball
1-2: Ball
2-2: Ball
3-2: Fly out, F7 (Flyball, 7D)
Bottom of the 2nd over - 2 run(s), 4 hit(s), 0 error(s), 2 left on base; Capital District 0 - Brooklyn 2
TOP OF THE 3RD
Capital District Red Knights batting - Pitching for Brooklyn Dodgers : RHP Jimmy Whittier
Batting: RHB Chang-bum Pak 0-0: Ball
1-0: Ball
2-0: SINGLE (Groundball, 34)
Batting: LHB Roberto Marino 0-0: Foul Ball, location: 2F
0-1: Foul Ball, location: 2F
0-2: Fly out, F7 (Flyball, 7M)
Batting: RHB Manny Carbajal 0-0: Called Strike
0-1: Foul Ball, location: 2F
0-2: Ball
1-2: Strikes out swinging
Batting: RHB Mark Field 0-0: Ball
1-0: Ball
2-0: Foul Ball, location: 2F
2-1: Ball
3-1: Base on Balls
Chang-bum Pak to second
Batting: LHB Leonardo López 0-0: Ball
1-0: Ball
2-0: Ball
3-0: Called Strike
3-1: Foul Ball, location: 2F
3-2: Base on Balls
Chang-bum Pak to third
Mark Field to second
Batting: SHB Joreăo Canosa 0-0: Called Strike
0-1: Fly out, F9 (Popup, 4D)
Top of the 3rd over - 0 run(s), 1 hit(s), 0 error(s), 3 left on base; Capital District 0 - Brooklyn 2
BOTTOM OF THE 3RD
Brooklyn Dodgers batting - Pitching for Capital District Red Knights : RHP Robert Archer
Batting: SHB Leonard O'Connor 0-0: Called Strike
0-1: Ball
1-1: Called Strike
1-2: SINGLE (Line Drive, 4M)
Batting: LHB Avon Barksdale 0-0: Ball
1-0: Fly out, F9 (Flyball, 9M)
Batting: RHB Gustavo Mateo 0-0: Ball
1-0: Foul Ball, location: 2F
1-1: Foul Ball, location: 2F
1-2: DOUBLE (Line Drive, 6M)
Leonard O'Connor to third
Runner from 3rd tries for Home, SAFE, throw made home
Batting: RHB Oliver Aranda 0-0: Ball
1-0: Ball
2-0: Fly out, F2 (Popup, 23F)
Batting: SHB Felipe Cisneros 0-0: Called Strike
0-1: Foul Ball, location: 2F
0-2: Ball
1-2: Foul Ball, location: 2F
1-2: Ball
2-2: Ball
3-2: Base on Balls
Batting: RHB Josh Stafford 0-0: Called Strike
0-1: Foul Ball, location: 2F
0-2: Ball
1-2: Ball
2-2: Ball
3-2: Base on Balls
Gustavo Mateo to third
Felipe Cisneros to second
Batting: RHB Vincent Crane 0-0: DOUBLE (Line Drive, 5D)
Gustavo Mateo scores
Felipe Cisneros scores
Josh Stafford to third
Runner from 3rd tries for Home, SAFE, no throw or cutoff
Batting: LHB Ron Bascombe 0-0: Called Strike
0-1: Swinging Strike
0-2: Hit by Pitch
Batting: RHB Thom Wilcox 0-0: Ball
1-0: Ball
2-0: Called Strike
2-1: Ball
3-1: Fly out, F6 (Line Drive, 6)
Bottom of the 3rd over - 4 run(s), 3 hit(s), 0 error(s), 2 left on base; Capital District 0 - Brooklyn 6
TOP OF THE 4TH
Capital District Red Knights batting - Pitching for Brooklyn Dodgers : RHP Jimmy Whittier
Batting: SHB Bernardo Hernández 0-0: DOUBLE (Line Drive, 9LM)
Batting: RHB Barry Dempsey 0-0: Ball
1-0: Ball
2-0: Ball
3-0: Base on Balls
Batting: RHB Danilo Mosca 0-0: Ball
1-0: Called Strike
1-1: Ball
2-1: Ball
3-1: Ground out 5-3 (Groundball, 5S)
Bernardo Hernández to third
Barry Dempsey to second
Batting: RHB Chang-bum Pak 0-0: DOUBLE (Line Drive, 8LM)
Bernardo Hernández scores
Barry Dempsey scores
Batting: LHB Roberto Marino 0-0: Ball
1-0: Foul Ball, location: 2F
1-1: Swinging Strike
1-2: Strikes out swinging
Batting: RHB Manny Carbajal 0-0: Called Strike
0-1: Ground out 4-3 (Groundball, 4)
Top of the 4th over - 2 run(s), 2 hit(s), 0 error(s), 1 left on base; Capital District 2 - Brooklyn 6
BOTTOM OF THE 4TH
Brooklyn Dodgers batting - Pitching for Capital District Red Knights : RHP Robert Archer
Batting: SHB Leonard O'Connor 0-0: Ball
1-0: Ball
2-0: SINGLE (Groundball, 34)
Batting: LHB Avon Barksdale 0-0: Foul Ball, location: 2F
0-1: Foul Ball, location: 2F
0-2: Ball
1-2: Strikes out swinging
Batting: RHB Gustavo Mateo 0-0: Ball
1-0: Reached on error, E5 (Groundball, 5S)
Leonard O'Connor to second
Batting: RHB Oliver Aranda 0-0: Ball
1-0: Ball
2-0: Ball
3-0: Base on Balls
Leonard O'Connor to third
Gustavo Mateo to second
Batting: SHB Felipe Cisneros 0-0: Fly out, F7 (Flyball, 7LS)
Batting: RHB Josh Stafford 0-0: Called Strike
0-1: Fly out, F8 (Line Drive, 8RM)
Bottom of the 4th over - 0 run(s), 1 hit(s), 1 error(s), 3 left on base; Capital District 2 - Brooklyn 6
TOP OF THE 5TH
Capital District Red Knights batting - Pitching for Brooklyn Dodgers : RHP Jimmy Whittier
Batting: RHB Mark Field 0-0: Called Strike
0-1: Called Strike
0-2: Strikes out looking
Batting: LHB Leonardo López 0-0: Ball
1-0: Swinging Strike
1-1: Called Strike
1-2: Strikes out swinging
Batting: SHB Joreăo Canosa 0-0: Foul Ball, location: 2F
0-1: Fly out, F5 (Line Drive, 5F)
Top of the 5th over - 0 run(s), 0 hit(s), 0 error(s), 0 left on base; Capital District 2 - Brooklyn 6
BOTTOM OF THE 5TH
Brooklyn Dodgers batting - Pitching for Capital District Red Knights : RHP Robert Archer
Batting: RHB Vincent Crane 0-0: Foul Ball, location: 2F
0-1: Ball
1-1: Foul Ball, location: 2F
1-2: Strikes out swinging
Batting: LHB Ron Bascombe 0-0: Fly out, F8 (Flyball, 8RXD)
Batting: RHB Thom Wilcox 0-0: Ball
1-0: Ball
2-0: Ball
3-0: Called Strike
3-1: Base on Balls
Batting: SHB Leonard O'Connor 0-0: Ball
1-0: Ball
2-0: Called Strike
2-1: Ball
3-1: Called Strike
3-2: Base on Balls
Thom Wilcox to second
Pitching: RHP Jeff Mayer
Batting: LHB Avon Barksdale 0-0: DOUBLE (Line Drive, 9LM)
Thom Wilcox scores
Leonard O'Connor to third
Batting: RHB Gustavo Mateo 0-0: Called Strike
0-1: Called Strike
0-2: Foul Ball, location: 2F
0-2: SINGLE (Line Drive, 5D)
Leonard O'Connor scores
Avon Barksdale to third
Runner from 3rd tries for Home, SAFE, no throw or cutoff
Batting: RHB Oliver Aranda 0-0: Fielders Choice at 2nd, U6 (Groundball, 6M)
Bottom of the 5th over - 3 run(s), 2 hit(s), 0 error(s), 1 left on base; Capital District 2 - Brooklyn 9
TOP OF THE 6TH
Capital District Red Knights batting - Pitching for Brooklyn Dodgers : RHP Jimmy Whittier
Batting: SHB Bernardo Hernández 0-0: Foul Ball, location: 2F
0-1: Called Strike
0-2: DOUBLE (Line Drive, 5L)
Batting: RHB Barry Dempsey 0-0: Ball
1-0: Swinging Strike
1-1: Foul Ball, location: 2F
1-2: Strikes out swinging
Batting: RHB Danilo Mosca 0-0: Called Strike
0-1: Ball
1-1: Hit by Pitch
Batting: RHB Chang-bum Pak 0-0: Ball
1-0: Swinging Strike
1-1: Ball
2-1: Foul Ball, location: 2F
2-2: Foul Ball, location: 2F
2-2: Ball
3-2: Strikes out swinging
Batting: LHB Roberto Marino 0-0: Ground out 4-3 (Groundball, 4)
Top of the 6th over - 0 run(s), 1 hit(s), 0 error(s), 2 left on base; Capital District 2 - Brooklyn 9
BOTTOM OF THE 6TH
Brooklyn Dodgers batting - Pitching for Capital District Red Knights : RHP Jeff Mayer
Batting: SHB Felipe Cisneros 0-0: DOUBLE (Flyball, 7LS)
Batting: RHB Josh Stafford 0-0: Foul Ball, location: 2F
0-1: Foul Ball, location: 2F
0-2: Ball
1-2: Fly out, F8 (Flyball, 8RD)
Runner from 2nd tags up, SAFE at 3rd, no throw
Batting: RHB Vincent Crane 0-0: Swinging Strike
0-1: Fly out, F9 (Flyball, 89M)
Runner from 3rd tags up, OUT at HOME
Bottom of the 6th over - 0 run(s), 1 hit(s), 0 error(s), 0 left on base; Capital District 2 - Brooklyn 9
TOP OF THE 7TH
Capital District Red Knights batting - Pitching for Brooklyn Dodgers : RHP Jimmy Whittier
Batting: RHB Manny Carbajal 0-0: Called Strike
0-1: Ball
1-1: Foul Ball, location: 2F
1-2: Foul Ball, location: 2F
1-2: Ball
2-2: Foul Ball, location: 2F
2-2: Ball
3-2: Ground out 5-3 (Groundball, 5L)
Batting: RHB Mark Field 0-0: Called Strike
0-1: Swinging Strike
0-2: Ball
1-2: Strikes out swinging
Batting: LHB Leonardo López 0-0: Swinging Strike
0-1: Ground out 4-3 (Groundball, 4M)
Top of the 7th over - 0 run(s), 0 hit(s), 0 error(s), 0 left on base; Capital District 2 - Brooklyn 9
BOTTOM OF THE 7TH
Brooklyn Dodgers batting - Pitching for Capital District Red Knights : RHP Jeff Mayer
Batting: LHB Ron Bascombe 0-0: Ball
1-0: Ball
2-0: Ball
3-0: Called Strike
3-1: Foul Ball, location: 2F
3-2: Base on Balls
Batting: RHB Thom Wilcox 0-0: Ball
1-0: Ball
2-0: Ball
3-0: Base on Balls
Ron Bascombe to second
Batting: SHB Leonard O'Connor 0-0: Fly out, F8 (Flyball, 8LD)
Runner from 2nd tags up, SAFE at 3rd, no throw
Batting: LHB Avon Barksdale 0-0: Swinging Strike
0-1: Grounds into double play, 4-6-3 (Groundball, 4)
Bottom of the 7th over - 0 run(s), 0 hit(s), 0 error(s), 1 left on base; Capital District 2 - Brooklyn 9
TOP OF THE 8TH
Capital District Red Knights batting - Pitching for Brooklyn Dodgers : RHP Jimmy Whittier
Batting: SHB Joreăo Canosa 0-0: Ball
1-0: Ball
2-0: Ball
3-0: Called Strike
3-1: Ground out 1-3 (Groundball, 15)
Pitching: RHP Folkert van Huizen
Batting: SHB Bernardo Hernández 0-0: Called Strike
0-1: Ball
1-1: Foul Ball, location: 2F
1-2: Reached on error, E5 (Groundball, 56)
Batting: RHB Barry Dempsey 0-0: Ball
1-0: Swinging Strike
1-1: Called Strike
1-2: Ball
2-2: Ball
3-2: Strikes out swinging
Batting: RHB Danilo Mosca 0-0: Ball
1-0: Ball
2-0: Ball
3-0: Called Strike
3-1: Base on Balls
Batting: RHB Chang-bum Pak 0-0: Ground out U3 (Groundball, 3L)
Top of the 8th over - 0 run(s), 0 hit(s), 1 error(s), 2 left on base; Capital District 2 - Brooklyn 9
BOTTOM OF THE 8TH
Brooklyn Dodgers batting - Pitching for Capital District Red Knights : RHP Jeff Mayer
Batting: RHB Gustavo Mateo 0-0: Ball
1-0: Called Strike
1-1: Fly out, F7 (Flyball, 78D)
Batting: RHB Oliver Aranda 0-0: Called Strike
0-1: Foul Ball, location: 2F
0-2: Foul Ball, location: 2F
0-2: Foul Ball, location: 2F
0-2: Foul Ball, location: 2F
0-2: Foul Ball, location: 2F
0-2: Reached on error, E5 (Groundball, 5)
Batting: SHB Felipe Cisneros 0-0: Called Strike
0-1: SINGLE (Flyball, 89M)
Oliver Aranda to second
Runner from 2nd tries for 3rd, SAFE, throw made to third
Batting: RHB Josh Stafford 0-0: Ball
1-0: Fly out, F9 (Flyball, 9M)
Runner from 3rd tags up, SCORES, no throw
Batting: RHB Vincent Crane 0-0: Foul Ball, location: 2F
0-1: Ball
1-1: Ball
2-1: Ball
3-1: Base on Balls
Felipe Cisneros to second
Batting: LHB Ron Bascombe 0-0: Foul Ball, location: 2F
0-1: Ball
1-1: Ball
2-1: Foul Ball, location: 2F
2-2: Ground out U3 (Groundball, 3)
Bottom of the 8th over - 1 run(s), 1 hit(s), 1 error(s), 2 left on base; Capital District 2 - Brooklyn 10
TOP OF THE 9TH
Capital District Red Knights batting - Pitching for Brooklyn Dodgers : RHP Folkert van Huizen
Batting: LHB Roberto Marino 0-0: Ball
1-0: Called Strike
1-1: Ground out 4-3 (Groundball, 34)
Batting: RHB Manny Carbajal 0-0: Called Strike
0-1: Called Strike
0-2: Ball
1-2: Foul Ball, location: 2F
1-2: Ball
2-2: Ground out 6-3 (Groundball, 6)
Batting: RHB Mark Field 0-0: Ball
1-0: Foul Ball, location: 2F
1-1: Fly out, F3 (Popup, 2L)
Top of the 9th over - 0 run(s), 0 hit(s), 0 error(s), 0 left on base; Capital District 2 - Brooklyn 10
This league is powered by Out of the Park Baseball, the baseball management simulation game for PC, Mac and Linux
Monday, October 3rd, 2016 - OOTP Baseball 16.9 Build 39